 Dungeon Crawl Stone Soup version 0.30.1-11-g7821555f0a (webtiles) character file.

Game seed: 17442028630905945846

13 Tacobop the Conjurer (level 2, 0/8 (22) HPs)
             Began as a Demonspawn Reaver on Dec 18, 2023.
             Frozen to death by an endoplasm (3 damage)
             ... on level 1 of the Dungeon on Dec 19, 2023.
             The game lasted 00:21:19 (447 turns).

Tacobop the Conjurer (Demonspawn Reaver)             Turns: 447, Time: 00:21:20

HP:   0/8 (22)      AC:  5    Str: 12    XL:     2   Next: 24%
MP:   5/5           EV: 10    Int: 14    God:
Gold: 29            SH:  0    Dex: 11    Spells: 4/5 levels left

rFire   . . .        a - +0 falchion
rCold   . . .        (no shield)
rNeg    . . .        f - +0 ring mail
rPois   .            (no helmet)
rElec   .            (no cloak)
rCorr   .            (no gloves)
SInv    .            (no boots)
Will    .....        (no amulet)
Stlth   +            (no ring)
HPRegen 0.21/turn    (no ring)
MPRegen 0.09/turn

%: no passive effects
@: extremely drained
A: powered by death 1
a: no special abilities


You were on level 1 of the Dungeon.
You visited 1 branch of the dungeon, and saw 2 of its levels.

You collected 29 gold pieces.

Inventory:

Hand Weapons
 a - a +0 falchion (weapon)
 g - a +0 dagger
Missiles
 d - 5 stones
 h - 4 boomerangs
Armour
 b - a +0 leather armour
 f - a +0 ring mail (worn)
Scrolls
 c - a scroll of vulnerability {unknown}
 e - 2 scrolls of teleportation {unknown}


   Skills:
 + Level 2.0 Fighting
 + Level 2.9 Long Blades
 + Level 1.9 Dodging
 + Level 2.0 Spellcasting
 + Level 3.3 Conjurations


You had 4 spell levels left.
You knew the following spells:

 Your Spells              Type           Power      Damage    Failure   Level
a - Kiss of Death         Conj/Necr      24%        2d7       26%         1

Your spell library contained the following spells:

 Spells                   Type           Power      Damage    Failure   Level
 Momentum Strike          Conj/Tloc      12%        3d8       38%         2
 Hailstorm                Conj/Ice       6%         3d4       63%         3
 Inner Flame              Hex/Fire       1%         N/A       85%         3
 Yara's Violent Unravell  Hex/Tmut       0%         3d3       100%        5
 Enfeeble                 Hex            0%         N/A       100%        7


Dungeon Overview and Level Annotations

Branches:
Dungeon (2/15)

Altars:


Innate Abilities, Weirdness & Mutations

You regenerate a little health from kills.


Message History

a - a +0 falchion (weapon)
A goblin comes into view. It is wielding a +0 club.
The goblin barely misses you.
You barely miss the goblin. The goblin hits you with a +0 club.
You slash the goblin!
You kill the goblin!
You see here a +0 club.
A ball python comes into view.
Casting: Kiss of Death (safe; 26% risk of failure)
Confirm with . or Enter, or press ? or * to list all spells.
You can't see any susceptible monsters within range! (Use Z to cast anyway.)
Casting: Kiss of Death (safe; 26% risk of failure)
Confirm with . or Enter, or press ? or * to list all spells.
You can't see any susceptible monsters within range! (Use Z to cast anyway.)
Casting: Kiss of Death (safe; 26% risk of failure)
Confirm with . or Enter, or press ? or * to list all spells.
Aiming: Kiss of Death (safe; 26% risk of failure)
Press: ? - help, Shift-Dir - straight line, f - you That would be overly suicidal.
Okay, then.
Unknown command.
The ball python bites you. The ball python closely misses you.
You slash the ball python!
You kill the ball python!
Found 15 gold pieces.
You see here 4 boomerangs.
Okay, then.
An endoplasm comes into view.
An endoplasm is nearby!
You see here 4 boomerangs.
Pick up how many of the 4 boomerangs (; or enter for all)?
h - 4 boomerangs The endoplasm freezes you.
You are frozen.
Ouch! That really hurt!
You hit the endoplasm.
The endoplasm is moderately wounded.
The endoplasm freezes you.
You are frozen.
You die...

...# #.# #.# ...#####.###
#.# .....)...#.. #$#######
...####....#######.....J..
...#....#.#.....#..#####
.....####...##~.#......#
....##...#...~~....##~.#
.##....~...#~~##J.~~~..#.
. #...~~....##..@##~?....
. #..~~~~........~##...~~~
.....#≈≈≈~...#........~≈≈≈
##...###≈~~..........~~≈#
#.... #######....#######
...... #⌠..#....#..⌠#
##...... ##..##''##..##
#......# #'##....##'#
#.#....# #..........#


You could see an endoplasm.

Vanquished Creatures
  An orc (D:2)
  An endoplasm (D:2)
  3 goblins
  A kobold (D:2)
  2 ball pythons
  A bat (D:2)
  4 rats (D:2)
13 creatures vanquished.

Notes
Turn   | Place    | Note
-------+----------+-------------------------------------------
     0 | D:1      | Tacobop the Demonspawn Reaver began the quest for the Orb.
     0 | D:1      | Reached XP level 1. HP: 16/16 MP: 3/3
    36 | D:1      | You fall into a shaft and drop 1 floor!
   107 | D:2      | fffty
   218 | D:2      | Gained mutation: You regenerate a little health from kills.
                  | [demonic ancestry]
   218 | D:2      | Reached XP level 2. HP: 14/19 MP: 5/5
   241 | D:2      | Found Biepixt's Antique Weapon Shop.
   447 | D:1      | Frozen to death by an endoplasm

Illustrated notes

#. # ##. .###.
..## ..... ...
#...# #.#
....##.######
##. ...#......#
.....##.#.@....#
#.....(.......#
...#####.......#
#.......# .# #
#...>...# #.#.#
##......# ##.#.
##.#.### #...
#.#..# ...#
#..#...


Turn 107 on D:2: fffty

Levels and vault maps discovered:
D:1:      denvon_arrival_waterhouse, layout_basic
D:2:      minmay_evil_eye, layout_rooms, serial_shops,
          nicolae_shop_pleasant_corner_grove, minmay_randomly_rotated_circles

Action                     || total
---------------------------++-------
  Melee: Falchion          ||    23
   Cast: Kiss of Death     ||     4
 Armour: Leather armour    ||     6
  Dodge: Dodged            ||    14
